 Dungeon Crawl Stone Soup version 0.20.0-8-g6b59dc7 (webtiles) character file.

30 Manul the Sneak (level 3, -1/25 HPs)
             Began as an Octopode Assassin on June 1, 2017.
             Slain by a worm (10 damage)
             ... on level 2 of the Dungeon.
             The game lasted 00:00:34 (772 turns).

Manul the Sneak (Octopode Assassin)                  Turns: 772, Time: 00:00:34

Health: -1/25      AC:  1    Str: 10    XL:     3   Next: 18%
Magic:  3/3        EV: 13    Int: 13    God:
Gold:   104        SH:  0    Dex: 14    Spells: 2/2 levels left

rFire    . . .     SeeInvis .   a - +2 dagger
rCold    . . .     Gourm    .   (no shield)
rNeg     . . .     Faith    .   (helmet restricted)
rPois    .         Spirit   .   (no amulet)
rElec    .         Reflect  .   (no ring)
rCorr    .         Harm     .   (no ring)
MR       .....                  (no ring)
Stlth    ++++......             (no ring)
Regen    0.1/turn               (no ring)
MPRegen  0.1/turn               (no ring)
                                (no ring)
                                (no ring)

@: no status effects
A: almost no armour, stealthy swim, amphibious, 8 rings, constrict 8, camouflage
1, gelatinous body 1
a: no special abilities


You were on level 2 of the Dungeon.
You were not hungry.

You visited 1 branch of the dungeon, and saw 2 of its levels.

You collected 104 gold pieces.

Inventory:

Hand Weapons
 a - a +2 dagger (weapon)
 b - a +0 blowgun
Missiles
 c - 8 poisoned needles
 d - 2 curare-tipped needles
Scrolls
 e - 2 scrolls of recharging {unknown}
 g - 3 scrolls of identify {unknown}
 i - 2 scrolls of random uselessness {unknown}
 j - a scroll of magic mapping {unknown}
 l - a scroll of fog {unknown}
 o - a scroll of teleportation {unknown}
Potions
 k - a potion of resistance {unknown}
 m - a potion of magic {unknown}
 n - a potion of degeneration {unknown}
Comestibles
 f - a bread ration
 h - a chunk of flesh


   Skills:
 + Level 2.4 Fighting
 + Level 2.3 Short Blades
 + Level 2.0 Throwing
 + Level 1.0 Dodging
 + Level 6.2 Stealth


You had 2 spell levels left.
You didn't know any spells.

Dungeon Overview and Level Annotations

Branches:
Dungeon (2/15)

Altars:


Innate Abilities, Weirdness & Mutations

You cannot wear most types of armour.
You are very stealthy in the water. (Stealth+)
You are amphibious.
You can wear up to eight rings at the same time.
You can use your tentacles to constrict eight enemies at once.
Your skin changes colour to match your surroundings (Stealth+).
Your rubbery body absorbs attacks. (AC +1, EV +1)


Message History

You hit the worm but do no damage. You grab the worm. You constrict the worm.
The worm bites you!
You hit the worm. You squeeze the worm.
The worm is lightly wounded.
You constrict the worm. You completely miss the worm.
The worm is moderately wounded.
You constrict the worm. The worm bites you.
You are too injured to fight recklessly!
You are too injured to fight recklessly!
You barely miss the worm.
The worm is moderately wounded.
You constrict the worm. You hit the worm. You squeeze the worm.
The worm is severely wounded.
You constrict the worm. The worm barely misses you.
You hit the worm but do no damage.
The worm is severely wounded.
You constrict the worm. The worm bites you!
You die...

##########.........
...#...##..)#
###.#.?......#
.#.#............#
.....#.#........#
...#.........?..# .
#.#.#........#
#.#.#........#
........@.....#
.....##..w....#
#.###..........# ..
...........#
#######.#.#.# .#..
# ## .. .##


You could see a worm.

Vanquished Creatures
  An ooze (D:1)
  A worm (D:2)
  A dart slug (D:1)
  2 leopard geckos (D:1)
  3 giant cockroaches
  A goblin (D:1)
  3 hobgoblins
  5 kobolds (D:1)
  A frilled lizard (D:2)
18 creatures vanquished.

Notes
Turn   | Place    | Note
-------+----------+-------------------------------------------
     0 | D:1      | Manul the Octopode Assassin began the quest for the Orb.
     0 | D:1      | Reached XP level 1. HP: 14/14 MP: 1/1
    80 | D:1      | Reached XP level 2. HP: 16/19 MP: 2/2
   534 | D:1      | Reached skill level 6 in Stealth
   708 | D:2      | Reached XP level 3. HP: 25/25 MP: 3/3
   772 | D:2      | Slain by a worm

Skill      XL: |  1  2 |
---------------+-------+-----
Stealth        | 6 |  6.2
Fighting       | |  2.4
Short Blades   | |  2.3
Throwing       | |  2.0
Dodging        | |  1.0

Action                   || total
-------------------------++-------
Melee: Dagger            ||    40
       Constrict         ||     9
       Tentacles         ||     2
 Stab: Sleeping          ||     8
Armor: Skin              ||     1
Dodge: Dodged            ||    17
